 Dungeon Crawl Stone Soup version 0.22-a0-165-g89cf10f13c (webtiles) character file.

9 MrRokkomies the Chiller (level 2, 0/17 HPs)
             Began as an Octopode Ice Elementalist on Feb 13, 2018.
             Slain by a jackal (2 damage)
             ... on level 1 of the Dungeon.
             The game lasted 00:01:20 (144 turns).

MrRokkomies the Chiller (Octopode Ice Elementalist)  Turns: 144, Time: 00:01:21

Health: 0/17       AC:  1    Str:  7    XL:     2   Next: 16%
Magic:  5/5        EV: 11    Int: 17    God:
Gold:   0          SH:  0    Dex: 12    Spells: 4/5 levels left

rFire    . . .     SeeInvis .     - Unarmed
rCold    . . .     Gourm    .   (no shield)
rNeg     . . .     Faith    .   (helmet restricted)
rPois    .         Spirit   .   (no amulet)
rElec    .         Reflect  .   c - -2 ring of evasion (curse)
rCorr    .         Harm     .   (no ring)
MR       .....                  (no ring)
Stlth    +++.......             (no ring)
HPRegen  0.05/turn              (no ring)
MPRegen  0.09/turn              (no ring)
                                (no ring)
                                (no ring)

@: no status effects
A: almost no armour, stealthy swim, amphibious, 8 rings, constrict 8, camouflage
1, gelatinous body 1
a: no special abilities


You were on level 1 of the Dungeon.
You were not hungry.

You visited 1 branch of the dungeon, and saw 1 of its levels.

Inventory:

Jewellery
 c - a cursed -2 ring of evasion (left tentacle)
Books
 a - a book of Frost

   Spells                             Type                      Level
   a - Freeze                         Ice                          1
   b - Throw Frost                    Conjuration/Ice              2
   c - Ozocubu's Armour               Charms/Ice                   3
   d - Throw Icicle                   Conjuration/Ice              4
   e - Summon Ice Beast               Ice/Summoning                4
Comestibles
 b - a ration


   Skills:
 - Level 2.0 Dodging
 - Level 2.6 Stealth
 * Level 1.1 Unarmed Combat
 - Level 2.0 Spellcasting
   Level 1.0 Conjurations
 * Level 3.3 Ice Magic


You had 4 spell levels left.
You knew the following spells:

 Your Spells              Type           Power        Failure   Level  Hunger
a - Freeze                Ice            ##..         4%          1    #......


Dungeon Overview and Level Annotations

Branches:
Dungeon (1/15)

Altars:


Innate Abilities, Weirdness & Mutations

You cannot wear most types of armour.
You are very stealthy in the water. (Stealth+)
You are amphibious.
You can wear up to eight rings at the same time.
You can use your tentacles to constrict eight enemies at once.
Your skin changes colour to match your surroundings (Stealth+).
Your rubbery body absorbs attacks. (AC +1, EV +1)


Message History

* * * LOW HITPOINT WARNING * * *
You miss the frilled lizard. Your grab misses the frilled lizard.
The frilled lizard is heavily wounded.
The frilled lizard barely misses you.
You tentacle-slap the frilled lizard.
You kill the frilled lizard!
You barely miss the goblin. Your grab misses the goblin.
The goblin barely misses you.
You barely miss the goblin. Your grab misses the goblin. The goblin misses you.
You closely miss the goblin. You grab the goblin. You constrict the goblin.
The goblin hits you with a club.
* * * LOW HITPOINT WARNING * * *
You tentacle-slap the goblin but do no damage.
The goblin is severely wounded.
You constrict the goblin.
You kill the goblin!
You tentacle-slap the jackal but do no damage.
You grab the jackal. You constrict the jackal. The jackal closely misses you.
The jackal bites you.
You die...

.#.# #..........#,,*,*,,* *,,*
...# #..........#,,*,*,,* **,,
.######..........#,,*,*,,******,,
.................#,,*,*,,,,,,,,,,
.................#,,*,*,********,
.................#,,,,,,,,,,,,***
.................#*,*,*,*****,* *
##############+#.#*,***,*# *,***
*** *,#@#,,,,,,.# *,*,+ ,,*
*,#h######..##**,*,* *,***
*****,#S..........,,,*+* *,,,*
****,,,,,##.......#**,,,,,, ***,*
*,,,,,,,,*#.......#**,,,,,, *,*
*,,,,,........)(.....,,,,,, *,*
*,,,,,>..........[...,,,,,, ***,*
*,,,,................,,,,,, ,,,,*
*,,,,................,,,,,,


You could see a jackal and a ball python.

Vanquished Creatures
  2 giant cockroaches (D:1)
  A hobgoblin (D:1)
  A kobold (D:1)
  A frilled lizard (D:1)
  A goblin (D:1)
  4 rats (D:1)
10 creatures vanquished.

Notes
Turn   | Place    | Note
-------+----------+-------------------------------------------
     0 | D:1      | MrRokkomies the Octopode Ice Elementalist began the quest for the Orb.
     0 | D:1      | Reached XP level 1. HP: 11/11 MP: 3/3
   102 | D:1      | Reached skill level 1 in Unarmed Combat
   102 | D:1      | Reached XP level 2. HP: 15/17 MP: 5/5
   144 | D:1      | Slain by a jackal

Vault maps used:
D:1:      onia_arrival_larder

Skill      XL: |  1 |
---------------+----+-----
Unarmed Combat | 1 |  1.1
Dodging        | |  2.0
Stealth        | |  2.6
Spellcasting   | |  2.0
Conjurations   | |  1.0
Ice Magic      | |  3.3

Action                   || total
-------------------------++-------
Melee: Unarmed           ||    39
       Tentacles         ||     7
       Constrict         ||     8
  Use: Scroll            ||     2
 Stab: Sleeping          ||     2
Armor: Skin              ||     2
Dodge: Dodged            ||    25

Table legend:
 A = Spawn XP
 B = Non-spawn XP
 C = Spawn XP percentage of total XP
 D = Spawn monster count
 E = Non-spawn monster count
 F = Spawn count percentage of total count
 G = Total turns spent on level
                    A         B        C        D         E        F      G
               +---------+---------+-------+---------+---------+-------+---------
         Total |       0 |      14 |   0.0 |       0 |      10 |   0.0 |   144
               +---------+---------+-------+---------+---------+-------+---------
           D:1 |       0 |      14 |   0.0 |       0 |      10 |   0.0 |   144
               +---------+---------+-------+---------+---------+-------+---------
